Unix NetHack Version 5.0.0-0 post-release - last build Jun 10 2026 00:39:30 (3ee93aec679c4c4259841fe613dc97188e26a321,branch:main).

Game began 2026-06-27 23:37:11, ended 2026-06-27 23:48:11.

ARFwashere, neutral male human Archeologist

     ----------                          -----
     |........|                         #-...|
     |........|                         #|...-#
     |........|     ----------------    #|...|######---------
     |.........     |..............|    #|...|     #|.......|
     |........|     |..............|    #|...|     #|....(..|         --------
     ----|-|---     |........[.....|    %-----     #-<^.....|         |......|
         # ##       |........).....|    #           ---.-----       ##-......|
         #  #   #   -----.--.-------    #              ##         # # |......|
        ##  #####        #  ########    #               #        #####.......|
        #       #     ####         #   ##            ---.----   ##    |......|
       ##       ###  ##            #   #             |......|  ##     --------
 ------|----    # #####            ### #             |......| ##
 |....@@..*|    ##   ##            # # #             |......-##
 |%%]!+%md.|     ## ####         ----.-#             |...----
 |)!!%/%...|      #-.--.-        |....|#             |...|
 |?*)=?.=%*|      #|....|        |...>|#             |...|
 |"!(?)?)[%|      #.....|        |.....#             -----
 -----------       ------        ------

ARFwashere the Field Worker  St:13 Dx:9 Co:12 In:16 Wi:16 Ch:9  Neutral
Dlvl:3  $:2340 HP:0(19) Pw:14(14) AC:9  Xp:3 T:1518 

Latest messages:
 The door resists!
 In what direction? k
 The door opens.
 In what direction? j
 The door closes.
 In what direction? j
 The door opens.
 You feel tough!
 You must have been leading a healthy life-style.
 You hear someone cursing shoplifters.
 You lash the gas spore.
 You lash the gas spore.
 You kill the gas spore!
 Boom!
 You are caught in the gas spore's explosion!
 Welcome to experience level 3.
 The little dog drops a yellow gem.
 You swap places with your little dog.
 "Hello, ARFwashere!  Welcome again to Chicoutimi's general store!"
 There is an open door here.
 You see here a yellow gem.
 B - a yellow gem.
 What do you want to use or apply? [af-hkpv or ?*] g
 What do you want to rub on the stone? [$B or ?*] B
 B - a worthless piece of yellow glass.
 Pick a monster, object or location.
 *        a gem or rock (a violet gem (for sale, 533 zorkmids))
 What do you want to drop? [$a-df-ik-zAB or ?*] B
 You drop a worthless piece of yellow glass.
 Chicoutimi seems uninterested.
 The little dog picks up a clear potion.
 The little dog drops a clear potion.
 The little dog picks up a clear potion.
 The little dog drops a clear potion.
 What do you want to throw? [$ or ?*] u
 In what direction? n
 The little dog catches the tripe ration.
 Your little dog eats a tripe ration.
 You see here a clear potion (no charge).
 C - a clear potion.
 You stop.  Your little dog is in the way!
 You find a small mimic.
 The small mimic hits!
 You die...
 Chicoutimi gratefully inherits all your possessions.
 Do you want to see what you had when you died? [ynq] (y) n
 Do you want to see your attributes? [ynq] (y) n
 Do you want an account of creatures vanquished? [ynaq] (y) n
 Do you want to see your conduct and achievements? [ynq] (y) n
 Do you want to see the dungeon overview? [ynq] (y) n

Inventory:
 Coins    ('$')
  $ - 2340 gold pieces
 Weapons  (')')
  a - a +2 bullwhip (weapon in right hand)
 Armor    ('[')
  c - an uncursed +0 fedora (being worn)
  b - a blessed +0 leather jacket (being worn)
 Comestibles  ('%')
  z - an uncursed apple
  m - a cursed apple
  v - an uncursed cream pie
  d - 6 uncursed food rations
  x - an uncursed fortune cookie
  A - an uncursed tripe ration
  s - an uncursed tin of dried lichen
 Scrolls  ('?')
  o - an uncursed scroll of blank paper
  t - an uncursed scroll of enchant armor
  w - an uncursed scroll of fire
  i - a cursed scroll of taming
  n - an uncursed scroll of teleportation
 Spellbooks  ('+')
  p - an uncursed spellbook of detect monsters
 Potions  ('!')
  r - an uncursed potion of extra healing
  l - an uncursed potion of gain energy
  y - an uncursed potion of gain level
  q - 2 uncursed potions of healing
  C - an uncursed potion of water
 Tools    ('(')
  h - an uncursed sack containing 1 item
  k - a cursed lock pick
  f - a tinning kit (0:38)
 Gems/Stones  ('*')
  g - an uncursed touchstone

Contents of the sack:
  a +0 pick-axe

ARFwashere the Archeologist's attributes:

Background:
 You were a Field Worker, a level 3 male human Archeologist.
 You were neutral, nominally on a mission for Camaxtli
 who was opposed by Quetzalcoatl (lawful) and Huhetotl (chaotic).
 You were right-handed.
 You were in the Dungeons of Doom, on level 3.
 You entered the dungeon 1518 turns ago.
 It was nighttime.
 You had 41 experience points, 39 more were needed to attain level 4.

Basics:
 You had 0 out of 19 hit points.
 You had all 14 energy points (spell power).
 Your armor class was 9.
 Your wallet contained 2340 zorkmids.
 Autopickup was on for '$' plus thrown.

Final Characteristics:
 Your strength was 13 (limit:18/100).
 Your dexterity was 9 (limit:18).
 Your constitution was 12 (limit:18).
 Your intelligence was 16 (limit:18).
 Your wisdom was 16 (peak:17, limit:18).
 Your charisma was 9 (limit:18).

Final Status:
 You weren't hungry.
 You were unencumbered.
 You were wielding a whip.
 You had basic skill with whip.

Final Attributes:
 You were devoutly aligned.
 You had automatic searching.
 You were lucky.
 You are dead.

Miscellaneous:
 You didn't encounter any bones levels.
 Total elapsed playing time was 11 minutes.

Major events:
 Turn
    1: ARFwashere the neutral male human Archeologist entered the dungeon
 1482: attained the rank of Field Worker (level 3)
 1518: killed by a small mimic

You didn't know any spells.

Skills:
 Fighting Skills
   bare handed combat [Unskilled]
   two weapon combat  [Unskilled]
   riding             [Unskilled]
 Weapon Skills
   dagger             [Unskilled]
   knife              [Unskilled]
   pick-axe           [Basic]
   short sword        [Unskilled]
   saber              [Unskilled]
   club               [Unskilled]
   quarterstaff       [Unskilled]
   sling              [Unskilled]
   dart               [Unskilled]
   boomerang          [Unskilled]
   whip               [Basic]
   unicorn horn       [Unskilled]
 Spellcasting Skills
   attack spells      [Unskilled]
   healing spells     [Unskilled]
   divination spells  [Unskilled]
   matter spells      [Unskilled]

Voluntary challenges:
 Character rerolling was not enabled.
 You were an atheist.
 You never genocided any monsters.
 You never polymorphed an object.
 You never changed form.
 You used no wishes.
Achievements:
 You entered a shop.
 You attained the rank of Field Worker.

 The Dungeons of Doom: levels 1 to 3
    Level 1:
       A fountain, a grave.
    Level 2:
       Many fountains.
    Level 3: <- You were here.
       A general store.
       Final resting place for
          you, killed by a small mimic.


Vanquished creatures:
  a gas spore
  a hobbit
  a giant rat
  a yellow mold
  a jackal
  a goblin
  3 sewer rats
  3 grid bugs
  2 lichens
  2 kobold zombies
  8 newts
24 creatures vanquished.

No species were genocided or became extinct.

Game over:
                       ----------
                      /          \
                     /    REST    \
                    /      IN      \
                   /     PEACE      \
                  /                  \
                  |    ARFwashere    |
                  |     2340 Au      |
                  |   killed by a    |
                  |   small mimic    |
                  |                  |
                  |                  |
                  |       2026       |
                 *|     *  *  *      | *
        _________)/\\_//(\/(/\)/\//\/|_)_______

Goodbye ARFwashere the Archeologist...

You died in The Dungeons of Doom on dungeon level 3 with 2380 points,
and 2340 pieces of gold, after 1518 moves.
You were level 3 with a maximum of 19 hit points when you died.

